 Seeded DCSS version 0.30.1-9-gdf580d7c3d (webtiles) character file.

Game seed: 7229806256980976716 (custom seed)

174 Psyclone the Magician (level 5, -1/35 HPs)
             Began as a Djinni Necromancer on Oct 15, 2023.
             Slain by a wyvern zombie (9 damage)
             ... on level 3 of the Dungeon.
             The game lasted 00:04:42 (2156 turns).

Psyclone the Magician (Djinni Necromancer)          Turns: 2156, Time: 00:04:42

Health: -1/35      AC:  4    Str:  6    XL:     5   Next: 84%
Gold:   125        EV: 12    Int: 17    God:
                   SH:  0    Dex: 18

rFire   + + .        m - +1 morningstar (holy)
rCold   x . .        (no shield)
rNeg    . . .        a - +0 robe
rPois   ∞            (no helmet)
rElec   .            (no cloak)
rCorr   .            (no gloves)
SInv    .            (boots unavailable)
Will    .....        (no amulet)
Stlth   ++           (no ring)
HPRegen 0.25/turn    (no ring)
MPRegen 0.00/turn

%: infuse magic (-2 HP)
@: flying, studying Spellcasting
A: sickness immunity, fire resistance 2, cold vulnerability 1, float, innate
caster, HP casting, extra vitality 1, iridescent scales 1, agile 1, MP-powered
wands
a: no special abilities


You were on level 3 of the Dungeon.
You visited 1 branch of the dungeon, and saw 3 of its levels.

You collected 125 gold pieces.

Inventory:

Hand Weapons
 f - a +0 dagger
 m - a +1 morningstar of holy wrath (weapon)
Missiles
 h - a throwing net {!f}
Armour
 a - a +0 robe (worn)
 o - a +0 pair of gloves
Scrolls
 b - 3 scrolls of amnesia {unknown}
 c - 2 scrolls of blinking {unknown}
 d - 4 scrolls of identify {unknown}
 g - a scroll of enchant armour {unknown}
 i - a scroll of teleportation {unknown}
 n - a scroll of poison {unknown}
Potions
 e - a potion of might {unknown}
 j - 2 potions of curing {unknown}
 k - 2 potions of brilliance {unknown}
 l - a potion of invisibility {unknown}
 p - a potion of mutation


   Skills:
 - Level 2.1 Dodging
 - Level 1.5 Stealth
 + Level 6.6 Spellcasting


You knew the following spells:

 Your Spells              Type           Power      Damage    Failure   Level
a - Vampiric Draining     Necr           28%        2d8       2%          3
b - Necrotise             Necr           100%       1d9       1%          1
c - Animate Dead          Necr           28%        N/A       8%          4
d - Agony                 Necr           28%        N/A       22%         5
e - Kiss of Death         Conj/Necr      100%       2d13      1%          1
f - Ensorcelled Hibernat  Hex/Ice        56%        N/A       1%          2
Your spell library was empty.

Dungeon Overview and Level Annotations

Branches:
Dungeon (3/15) Zot: 15837

Altars:
Zin

Annotations:
D:3 booth's ghost, amateur DrMo


Innate Abilities, Weirdness & Mutations

You are immune to sickness and miasma.
You are immune to poison.
Your flesh is very heat resistant. (rF++)
You are vulnerable to cold. (rC-)
You float through the air rather than walking.
You learn spells naturally, not from books.
Your magical power is your life essence.
You have superior vitality. (+4 MHP)
You are partially covered in iridescent scales. (AC +2)
You are agile. (Dex +4, Str/Int -1)
You expend health (3 HP) to strengthen your wands.


Message History

You can't see any susceptible monsters within range! (Use Z to cast anyway.) Unknown command.
Casting: Vampiric Draining (dangerous; 2% risk of failure)
Confirm with . or Enter, or press ? or * to list all spells.
You can't see any susceptible monsters within range! (Use Z to cast anyway.)
Found a pair of gloves.
Health restored: 35
Found a potion of mutation.
You see here a +0 pair of gloves.
o - a +0 pair of gloves You see here a potion of mutation.
p - a potion of mutation Booth's ghost turns its malevolent gaze towards you.
You reach down and open the gate.
The bullfrog skeleton hits you.
You take 3 damage, and have 32/35 hp.
The bullfrog skeleton attacks as you move away!
The bullfrog skeleton closely misses you.
The bullfrog skeleton attacks as you move away!
The bullfrog skeleton barely misses you.
The bullfrog skeleton hits you.
You take 3 damage, and have 30/35 hp.
You sock the bullfrog skeleton!
The bullfrog skeleton convulses.
The bullfrog skeleton is heavily damaged.
The bullfrog skeleton hits you. x2
You take 7 damage, and have 23/35 hp.
You hit the bullfrog skeleton.
The bullfrog skeleton convulses.
The bullfrog skeleton is heavily damaged.
The bullfrog skeleton hits you. x2
You take 5 damage, and have 18/35 hp.
You puncture the bullfrog skeleton!
The bullfrog skeleton convulses!
You destroy the bullfrog skeleton!
The wyvern zombie bites you.
You take 2 damage, and have 16/35 hp.
You puncture the wyvern zombie!
The wyvern zombie convulses.
The wyvern zombie is moderately damaged.
The wyvern zombie bites you!
* * * LOW HITPOINT WARNING * * *
The wyvern zombie bites you!
You die...

....#....#..#########
..#.)....#.##
..###.#..#.#
..###.#....# ########
..#.......### ..#.#..
###.(###....#
##.$(..## ....#
#.##.##### .......#
###.# #.##.....####
##W....## ###.#
#.######.@Z.#
#.......# †...# #.#
####.#####Z''###
##..# #.#
##...##.....# ##..#
#.# ##...........#
##..# #.##
#............# #.(.#
#..# #.........Z..#
#.#.#####.##
#............##
..#........#
##............#
.########..##
##....#...##÷###


You could see a wyvern zombie.

Vanquished Creatures
  A jelly (D:2)
  A bullfrog skeleton (D:3)
  4 adders (D:2)
  3 worms
  5 bats
  4 endoplasms
  4 giant cockroaches
  2 goblins
  5 hobgoblins
  20 jackals
  4 quokkas
  6 ball pythons
  A frilled lizard (D:1)
  4 rats
64 creatures vanquished.

Notes
Turn   | Place    | Note
-------+----------+-------------------------------------------
     0 | D:1      | Psyclone the Djinni Necromancer began the quest for the
                  | Orb.
     0 | D:1      | Psyclone set off with the following spells memorised:
                  | Necrotise, Vampiric Draining, Animate Dead, Agony.
     0 | D:1      | Reached XP level 1. HP: 15/15 MP: 0/0
    48 | D:1      | Identified 3 scrolls of acquirement
    48 | D:1      | Acquired a manual of Spellcasting
    51 | D:1      | Acquired a manual of Spellcasting
    57 | D:1      | Acquired a manual of Spellcasting
   215 | D:1      | Gained mutation: You have hidden genetic defects. [potion
                  | of mutation]
   215 | D:1      | Lost mutation: You have hidden genetic defects. [potion of
                  | mutation]
   215 | D:1      | Gained mutation: You have hidden genetic potential. [potion
                  | of mutation]
   215 | D:1      | Gained mutation: You are partially covered in iridescent
                  | scales. (AC +2) [potion of mutation]
   314 | D:1      | Reached XP level 2. HP: 14/21 MP: 0/0
   324 | D:1      | Reached skill level 4 in Spellcasting
   333 | D:1      | Gained mutation: You expend health (3 HP) to strengthen
                  | your wands. [hidden potential]
   570 | D:1      | Reached XP level 3. HP: 23/25 MP: 0/0
   570 | D:1      | Learned a level 1 spell: Kiss of Death
   954 | D:2      | Gained mutation: You are agile. (Dex +4, Str/Int -1)
                  | [hidden potential]
   954 | D:2      | Lost mutation: You have hidden genetic potential. [hidden
                  | potential expressed]
  1058 | D:2      | Reached skill level 5 in Spellcasting
  1058 | D:2      | Reached XP level 4. HP: 26/31 MP: 0/0
  1489 | D:2      | Reached skill level 6 in Spellcasting
  1489 | D:2      | Reached XP level 5. HP: 35/35 MP: 0/0
  1489 | D:2      | Learned a level 2 spell: Ensorcelled Hibernation
  1898 | D:3      | Found a runed translucent gate.
  1898 | D:3      | Found a runed translucent gate.
  1898 | D:3      | Found a runed translucent gate.
  1906 | D:3      | Noticed booth's ghost (amateur DrMo)
  1939 | D:3      | Found a glowing silver altar of Zin.
  2156 | D:3      | Slain by a wyvern zombie

Illustrated notes

Levels and vault maps discovered:
D:1:      spicycebolla_arrival_ecumenical, layout_loops_ring
D:2:      layout_basic
D:3:      layout_rooms, mainiacjoe_overflow_paths, gammafunk_ghost_necromancy

Skill      XL: |  1  2  3  4 |
---------------+-------------+-----
Spellcasting   | 4 5 6 |  6.6
Dodging        | |  2.1
Stealth        | |  1.5

Action                     |  1- 3 |  4- 6 || total
---------------------------+-------+-------++-------
  Melee: Unarmed           |     4 |       ||     4
         Punch             |     1 |       ||     1
         Dagger            |     3 |     1 ||     4
         Morningstar       |       |    15 ||    15
   Cast: Necrotise         |    51 |       ||    51
         Vampiric Draining |       |    48 ||    48
    Use: Scroll            |     3 |       ||     3
         Potion            |     1 |       ||     1
 Armour: Robe              |    10 |    11 ||    21
  Dodge: Dodged            |    27 |    45 ||    72
